 Dungeon Crawl Stone Soup version 0.29-a0-422-gafbd6decc1 (webtiles) character file.

Game seed: 12852407209440892906

4960 ders the Thaumaturge (level 10, -2/60 HPs)
             Began as a Djinni Conjurer on May 18, 2022.
             Was an Initiate of Ashenzari.
             Shot with an arrow by a centaur (12 damage)
             ... on level 8 of the Dungeon.
             The game lasted 00:11:31 (11265 turns).

ders the Thaumaturge (Djinni Conjurer)             Turns: 11265, Time: 00:11:32

Health: -2/60      AC:  5    Str:  6    XL:     10   Next: 82%
Gold:   471        EV: 12    Int: 25    God:    Ashenzari [......] SH:  0 Dex: 11

rFire   + + +      SeeInvis .   y - staff of earth
rCold   x . .      Faith    .   (no shield)
rNeg    . . .      Spirit   .   C - +2 robe {rF+}
rPois   ∞          Reflect  .   B - +0 hat
rElec   .          Harm     .   s - +0 cloak
rCorr   .          Rampage  .   (no gloves)
Will    +....                   (boots unavailable)
Stlth   ++........              (no amulet)
HPRegen 0.20/turn               (no ring)
MPRegen 0.00/turn               (no ring)

@: flying
A: sickness immunity, fire resistance 2, cold vulnerability 1, float, innate
caster, HP casting, extra vitality 1
a: Renounce Religion, Curse Item


You were on level 8 of the Dungeon.
You worshipped Ashenzari.
Ashenzari was noncommittal.
You visited 2 branches of the dungeon, and saw 9 of its levels.

You collected 471 gold pieces.

Inventory:

Hand Weapons
 t - a +4 quarterstaff of chaos
Missiles
 r - a throwing net
Armour
 a - a +0 robe
 s - a +0 cloak (worn)
 w - +0 acid dragon scales
 B - a +0 hat (worn)
 C - a +2 robe of fire resistance (worn)
Magical Staves
 y - a staff of earth (weapon)
Wands
 x - a wand of acid (8)
 z - a wand of mindburst (16)
 F - a wand of iceblast (9)
Scrolls
 b - 5 scrolls of identify {unknown}
 c - 2 scrolls of brand weapon {unknown}
 d - 3 scrolls of silence {unknown}
 h - 6 scrolls of poison {unknown}
 j - a scroll of blinking {unknown}
 k - 3 scrolls of enchant armour {unknown}
 n - a scroll of enchant weapon {unknown}
 o - 2 scrolls of vulnerability {unknown}
 p - a scroll of summoning {unknown}
 q - a scroll of magic mapping {unknown}
 v - 3 scrolls of teleportation {unknown}
 A - 2 scrolls of immolation {unknown}
Potions
 e - a potion of brilliance {unknown}
 f - a potion of curing
 g - 2 potions of berserk rage {unknown}
 i - 3 potions of haste {unknown}
 l - 3 potions of mutation {unknown}
 m - 2 potions of attraction {unknown}
 u - a potion of flight {unknown}
 D - a potion of heal wounds {unknown}
 E - a potion of resistance


   Skills:
 - Level 2.1 Dodging
 - Level 1.5 Stealth
 + Level 12.2 Spellcasting


You had 9 spell levels left.
You knew the following spells:

 Your Spells              Type           Power      Damage    Failure   Level
a - Magic Dart            Conj           100%       1d8       1%          1
b - Searing Ray           Conj           100%       2d8       1%          2
c - Dazzling Flash        Conj/Hex       100%       N/A       1%          3
d - Fulminant Prism       Conj/Hex       33%        3d16      1%          4
e - Iskenderun's Mystic   Conj/Tloc      66%        2d14      1%          4
f - Shock                 Conj/Air       100%       1d9       1%          1
g - Corpse Rot            Necr/Air       100%       N/A       1%          2
h - Teleport Other        Tloc           66%        N/A       1%          3
i - Summon Lightning Spi  Summ/Air       66%        N/A       1%          4
Your spell library was empty.

Dungeon Overview and Level Annotations

Branches:
Dungeon (8/15)             Temple (1/1) D:4
   Lair: D:8-11

Altars:
Ashenzari
Cheibriados
Dithmenos
Elyvilon
Fedhas
Gozag
Hepliaklqana
Kikubaaqudgha
Makhleb
Nemelex Xobeh
Okawaru
Qazlal
Ru
Sif Muna
Trog
Uskayaw
Vehumet
Wu Jian
Xom
Yredelemnul
Zin
The Shining One

Shops:
D:2 *


Innate Abilities, Weirdness & Mutations

You are immune to sickness and miasma.
You are immune to poison.
Your flesh is very heat resistant. (rF++)
You are vulnerable to cold. (rC-)
You float through the air rather than walking.
You learn spells naturally, not from books.
Your magical power is your life essence.
You have superior vitality. (+4 MHP)


Message History

You hear a shout!
You hear an angry buzzing noise.
Ashenzari invites you to partake of a vision and a curse of ranged combat and melee combat.
The water moccasin bites you.
* * * LOW HITPOINT WARNING * * *
Casting: Fulminant Prism (safe; 1% risk of failure)
Confirm with . or Enter, or press ? or * to list all spells.
Really blast near your lightning spire?
Okay, then.
It was a potion of curing.
You feel better. The water moccasin bites you.
* * * LOW HITPOINT WARNING * * *
You feel better. The water moccasin bites you.
* * * LOW HITPOINT WARNING * * *
Your lightning spire shoots out a bolt of lightning at the orc warrior!
The bolt of electricity hits the orc warrior!!
The orc warrior dies!
Casting: Iskenderun's Mystic Blast (safe; 1% risk of failure)
Confirm with . or Enter, or press ? or * to list all spells.
Really blast near your lightning spire?
Okay, then.
The water moccasin attacks as you move away!
The water moccasin barely misses you.
Found 24 stones.
The centaur shoots an arrow.
The arrow hits your lightning spire but does no damage.
The water moccasin barely misses you.
The centaur shoots an arrow.
The arrow hits your lightning spire. The water moccasin closely misses you.
Your lightning spire shoots out a bolt of lightning at the water moccasin!
The bolt of electricity hits the water moccasin!!
Casting: Iskenderun's Mystic Blast (safe; 1% risk of failure)
Confirm with . or Enter, or press ? or * to list all spells.
You erupt in a blast of force!
The mystic blast hits the water moccasin!
You kill the water moccasin!
* * * LOW HITPOINT WARNING * * *
You hear an angry buzzing noise. x3
Your lightning spire disappears in a puff of smoke!
The centaur shoots an arrow.
The arrow hits you but does no damage.
A killer bee comes into view.
The centaur shoots an arrow.
The arrow hits you!
You die...

## .# ... .# #))#
.# .c### .# ...# .#
## #o## .#
#..###..##
###.######
#...#..###.@.......
#..<##c)§.†........
#...####...........
#.... #...?.(.....
#..... #...$.......
#...#............(.
#...##.............
#######.#..y.......
#..........


You could see a centaur and a killer bee (wandering).

Vanquished Creatures
  Pikel (D:7)
  A steam dragon (D:7)
  6 yaks (D:8)
  A vampire mosquito (D:6)
  3 water moccasins
  An acid dragon (D:5)
  2 ice beasts
  2 ogres
  A black bear (D:6)
  A kobold brigand (D:7)
  A bullfrog (D:8)
  A necrophage (D:5)
  9 scorpions
  A gnoll sergeant (D:6)
  10 killer bees (D:7)
  An electric eel (D:6)
  4 howler monkeys (D:7)
  3 hounds (D:4)
  3 orc priests
  Crazy Yiuf (D:4)
  2 jellies
  4 gnoll shamans
  6 iguanas
  5 adders
  30 gnolls
  4 white imps
  An ufetubus (D:5)
  2 worms
  4 dart slugs
  8 orcs
  14 ball pythons
  4 endoplasms
  6 giant cockroaches
  2 goblins (D:1)
  7 hobgoblins
  14 kobolds
  2 quokkas (D:1)
  6 bats
  2 frilled lizards (D:1)
  7 rats
  A fulminant prism (D:6)
184 creatures vanquished.

Vanquished Creatures (collateral kills)
  An orc warrior (D:8)
  A phantom (D:6)
  4 orcs (D:6)
6 creatures vanquished.

Vanquished Creatures (others)
  34 fulminant prisms
  2 fungi (D:4)
  2 plants (D:6)
38 creatures vanquished.

Grand Total: 228 creatures vanquished

Notes
Turn   | Place    | Note
-------+----------+-------------------------------------------
     0 | D:1      | ders the Djinni Conjurer began the quest for the Orb.
     0 | D:1      | Reached XP level 1. HP: 15/15 MP: 0/0
   405 | D:1      | Reached XP level 2. HP: 19/21 MP: 0/0
   884 | D:1      | Reached XP level 3. HP: 23/25 MP: 0/0
   884 | D:1      | Learned a level 1 spell: Shock
  1075 | D:1      | Reached skill level 4 in Spellcasting
  2122 | D:2      | Found a faded altar of an unknown god.
  2151 | D:2      | Found Naukoxko's General Store.
  2170 | D:2      | Reached XP level 4. HP: 28/31 MP: 0/0
  3351 | D:3      | Found a bloodstained altar of Trog.
  3450 | D:3      | Reached XP level 5. HP: 29/35 MP: 0/0
  3450 | D:3      | Learned a level 2 spell: Corpse Rot
  3884 | D:4      | Reached skill level 5 in Spellcasting
  4167 | D:4      | Noticed a water moccasin
  4176 | D:4      | Killed a water moccasin
  4176 | D:4      | Noticed an ogre
  4177 | D:4      | Reached XP level 6. HP: 13/40 MP: 0/0
  4181 | D:4      | Killed an ogre
  4182 | D:4      | Reached skill level 6 in Spellcasting
  4479 | D:4      | Found a runed translucent door.
  4480 | D:4      | Noticed Crazy Yiuf
  4569 | D:4      | Reached XP level 7. HP: 34/45 MP: 0/0
  4569 | D:4      | Learned a level 3 spell: Teleport Other
  4702 | D:4      | Found a staircase to the Ecumenical Temple.
  4715 | Temple   | Entered the Ecumenical Temple
  5037 | Temple   | Became a worshipper of Ashenzari the Shackled
  5551 | D:4      | Killed Crazy Yiuf
  5665 | D:5      | Entered Level 5 of the Dungeon
  5893 | D:5      | Reached skill level 7 in Spellcasting
  5946 | D:5      | Reached XP level 8. HP: 43/50 MP: 0/0
  6493 | D:5      | Reached skill level 8 in Spellcasting
  7675 | D:6      | Reached XP level 9. HP: 9/55 MP: 0/0
  7675 | D:6      | Learned a level 4 spell: Summon Lightning Spire
  7676 | D:6      | Reached skill level 9 in Spellcasting
  8763 | D:6      | Reached skill level 10 in Spellcasting
  9430 | D:7      | Noticed Pikel
  9438 | D:7      | Killed Pikel
  9439 | D:7      | Reached XP level 10. HP: 43/60 MP: 0/0
  9457 | D:7      | Reached skill level 11 in Spellcasting
 10979 | D:8      | Reached skill level 12 in Spellcasting
 11265 | D:8      | Shot with an arrow by a centaur

Illustrated notes

Levels and vault maps discovered:
D:1:      dpeg_cavernosity, layout_basic, minmay_octomino_j4
D:2:      layout_loops_ring, hellmonk_ecumenical_altar_leap_of_faith,
          serial_shops, nicolae_shop_waterfront
D:3:      layout_basic, mainiacjoe_overflow_tiny_flanked, eino_curves_02,
          minmay_misc_feat_cross
D:4:      layout_rooms, minmay_temple_entry_mist, hangedman_decor_points,
          cheibrodos_gnoll_hut, uniq_crazy_yiuf_cottage
D:5:      kennysheep_spiral_hall, layout_basic, grunt_ministairs_13
D:6:      layout_loops_ring, serial_bayou_pond_b, grunt_ministairs_6
D:7:      layout_rooms, uniq_pikel
D:8:      layout_rooms, uniq_maggie, uniq_prince_ribbit1
Temple:   mainiacjoe_temple_circle_huts

Skill      XL: |  1  2  3  4  5  6  7  8  9 10 |
---------------+-------------------------------+-----
Spellcasting   | 4 5 6 7 8 10 12 | 12.2
Dodging        | |  2.1
Stealth        | |  1.5

Action                   |  1- 3 |  4- 6 |  7- 9 | 10-12 || total
-------------------------+-------+-------+-------+-------++-------
 Cast: Magic Dart        |    81 |    64 |    77 |    24 ||   246
       Searing Ray       |       |    16 |    44 |    12 ||    72
       Iskenderun's Myst |       |     5 |    23 |    16 ||    44
       Fulminant Prism   |       |       |    19 |    16 ||    35
       Summon Lightning  |       |       |     4 |     1 ||     5
  Use: Potion            |       |       |       |     2 ||     2
Armor: Robe              |     2 |     1 |     2 |     4 ||     9
       Acid dragon scale |       |       |     1 |     8 ||     9
Dodge: Dodged            |     8 |     4 |    12 |    15 ||    39

Table legend: (Time is in decaauts)
 A = Elapsed time spent in this place.
 B = Non-inter-level travel time spent in this place.
 C = Inter-level travel time spent in this place.
 D = Time resting spent in this place.
 E = Time spent auto-exploring this place.
 F = Levels seen in this place.
 G = Mean time per level.
                   A        B        C        D        E       F      G
               +--------+--------+--------+--------+--------+-----+--------+
         Total |  11265 |  10793 |    472 |   2077 |   7784 |   9 | 1251.7 |
       Dungeon |  10921 |  10521 |    400 |   2077 |   7537 |   8 | 1365.1 |
        Temple |    343 |    271 |     72 |      0 |    247 |   1 |  343.0 |
               +--------+--------+--------+--------+--------+-----+--------+

Top non-repeatable levels by time:
     D:5: 2516 daAuts
     D:1: 1759 daAuts
     D:6: 1542 daAuts
     D:7: 1506 daAuts
     D:4: 1441 daAuts
     D:2: 1204 daAuts
     D:3: 914 daAuts
  Temple: 343 daAuts
     D:8: 35 daAuts
